 Dungeon Crawl Stone Soup version 0.22.1-1-ga44c0e5 (webtiles) character file.

186 Irenicus the Digger (level 5, -15/42 HPs)
             Began as a Deep Dwarf Earth Elementalist on Oct 5, 2018.
             Killed from afar by a hobgoblin (24 damage)
             ... with an exploding inner flame
             ... hexed by the player character
             ... on level 3 of the Dungeon.
             The game lasted 00:07:58 (983 turns).

Irenicus the Digger (Deep Dwarf Earth Elementalist)  Turns: 983, Time: 00:07:59

Health: -15/42     AC:  3    Str:  9 (11) XL:     5   Next: 38%
Magic:  2/7        EV: 12    Int: 17      God:
Gold:   135        SH:  0    Dex: 13      Spells: 2/8 levels left

rFire    . . .     SeeInvis .   g - +1 dagger
rCold    . . .     Gourm    .   (no shield)
rNeg     . . .     Faith    .   e - +0 leather armour
rPois    .         Spirit   .   (no helmet)
rElec    .         Reflect  .   (no cloak)
rCorr    .         Harm     .   (no gloves)
MR       .....                  (no boots)
Stlth    ++........             (no amulet)
HPRegen  0.00/turn              (no ring)
MPRegen  0.10/turn              (no ring)

@: very slightly contaminated, non-regenerating
A: damage resistance, heal wounds, sense surroundings 1, no regeneration
a: Heal Wounds


You were on level 3 of the Dungeon.
You were near starving.

You visited 1 branch of the dungeon, and saw 3 of its levels.

You collected 135 gold pieces.

Inventory:

Hand Weapons
 g - a +1 dagger (weapon)
   (You took it off a goblin on level 1 of the Dungeon)
Missiles
 l - 2 tomahawks (quivered)
Armour
 e - a +0 leather armour (worn)
   (You found it on level 2 of the Dungeon)
Scrolls
 j - a scroll of noise {unknown}
 k - 5 scrolls of identify {unknown}
 m - a scroll of teleportation
 n - a scroll of amnesia {unknown}
 p - 2 scrolls of enchant armour {unknown}
Potions
 a - a potion of curing
Comestibles
 d - 6 rations


   Skills:
 - Level 2.1 Dodging
 - Level 2.4 Stealth
 - Level 2.1 Spellcasting
 - Level 0.8 Transmutations
 + Level 7.9 Earth Magic


You had 2 spell levels left.
You knew the following spells:

 Your Spells              Type           Power        Failure   Level  Hunger
a - Sandblast             Erth           ####..       1%          1    #......
b - Passwall              Tmut/Erth      ###.....     7%          2    ###....
c - Stone Arrow           Conj/Erth      ###...       16%         3    ###....

Your spell library contained the following spells:

 Spells                   Type           Power        Failure   Level  Hunger
 Lee's Rapid Deconstruct  Erth           ####......   28%         5    ######.
 Petrify                  Tmut/Erth      ###.....     41%         4    #####..


Dungeon Overview and Level Annotations

Branches:
Dungeon (3/15)

Altars:
Qazlal
Vehumet


Innate Abilities, Weirdness & Mutations

You are resistant to damage.
You can heal yourself by infusing magical energy.
You passively map a small area around you.
You do not regenerate.


Message History

The centaur shoots an arrow.
The arrow hits you but does no damage.
A hobgoblin comes into view. It is wielding a club.
The centaur shoots an arrow.
The arrow hits you but does no damage.
You see here an arrow.
Okay, then.
You fail to use your ability.
The centaur shoots an arrow.
The arrow closely misses you.
Your magical essence is drained by the effort!
You feel much better.
The centaur shoots an arrow.
The arrow closely misses you.
The centaur shoots an arrow.
The arrow barely misses you.
You regained 21 hp, and now have 22/36 hp.
You now have 6/6 mp.
The centaur shoots an arrow.
The arrow hits you!
You see here 2 arrows.
You take 10 damage, and have 12/36 hp.
MASSIVE DAMAGE!!
The centaur unwields an uncursed shortbow.
The centaur barely misses you.
You see here an arrow.
You hit the centaur. The centaur misses you.
Aim: a centaur (lightly wounded)
You don't have any stones to cast with.
Aim: a centaur (lightly wounded)
Okay, then.
Aim: a centaur (lightly wounded)
The stone arrow hits the centaur.
The centaur hits you.
* * * LOW HITPOINT WARNING * * *
You take 3 damage, and have 9/36 hp.
You now have 3/6 mp.
Aim: a centaur (severely wounded)
The stone arrow hits the centaur.
You kill the centaur!
You feel your intelligence returning.
Your Earth Magic skill increases to level 7!
You have reached level 5!
You now have 0/7 mp.
You hit the hobgoblin but do no damage. The hobgoblin closely misses you.
You hit the hobgoblin.
The hobgoblin hits you but does no damage.
Your leather armour prevents you from hitting the hobgoblin.
The hobgoblin closely misses you.
You hit the hobgoblin. The hobgoblin misses you.
You barely miss the hobgoblin. The hobgoblin hits you with a club.
You hit the hobgoblin but do no damage. The hobgoblin misses you.
You hit the hobgoblin. The hobgoblin hits you with a club.
You hit the hobgoblin. The hobgoblin hits you with a club.
* * * LOW HITPOINT WARNING * * *
You take 1 damage, and have 9/42 hp.
You hit the hobgoblin.
You kill the hobgoblin!
Items here: ( )) ? † a club; an uncursed shortbow; 15 arrows; a scroll labeled XACHYR LIYX a hobgoblin corpse
Okay, then.
As you read the scroll labeled XACHYR LIYX, it crumbles to dust.
You feel strangely unstable.
It was a scroll of teleportation.
Blink to where?
You are very lightly contaminated with residual magic.
As you read the scroll labeled DUFUPR TIADO, it crumbles to dust.
It was a scroll of blinking.
An orc comes into view. It is wielding a mace of venom.
Your surroundings suddenly seem different.
The hobgoblin shouts!
The orc shouts!
A goblin comes into view. It is wielding a club.
The hobgoblin throws a stone.
The stone misses you.
The goblin shouts!
You hit the orc. The orc hits you with a mace.
The orc wizard gestures wildly while chanting.
The orc wizard seems to speed up.
The orc hits you with a whip.
As you read the scroll labeled KEKLOAS XIASS, it crumbles to dust.
The creatures around you are filled with an inner flame!
It was a scroll of immolation.
The orc hits you but does no damage.
Okay, then.
As you read the scroll labeled LEUTIS GOJEREU, it crumbles to dust.
You feel blessed for a moment.
It was a scroll of remove curse.
The orc wizard hits you but does no damage.
The orc hits you but does no damage.
As you read the scroll labeled MAZYBA GEXEAKU, it crumbles to dust.
It is a scroll of enchant weapon.
Your +0 dagger glows red for a moment.
The orc wizard closely misses you. The hobgoblin hits you.
The orc hits you with a mace. The orc barely misses you.
The orc closely misses you.
The orc wizard hits you but does no damage.
You feel better. The hobgoblin barely misses you. The orc closely misses you.
The orc wizard closely misses you. The orc hits you but does no damage.
The orc hits you with a whip.
You regained 7 hp, and now have 16/42 hp.
You hit the orc. The orc wizard hits you with a dagger.
* * * LOW HITPOINT WARNING * * *
The hobgoblin hits you.
* * * LOW HITPOINT WARNING * * *
The orc barely misses you. The orc hits you but does no damage.
The orc hits you with a whip. The orc wizard casts a spell at you.
The puff of flame misses you.
The puff of flame hits the orc.
The orc explodes!
The fiery explosion engulfs the hobgoblin.
The hobgoblin explodes!
The fiery explosion engulfs you!
Ouch! That really hurt!
You die...

.(.........#.....##....
)#####.####%............
.### #.# #..............
...###.###..............
##......................
#..............†..$....
*
#.[..........<...).....
#......)....(.goo......
,#...<....#....§@ow.....
,####..#####.....§#.....
..## ######§...... *
.### * *** ....... ..,
,,, , .....). ,## * ** *
......., * ....... * *
#...### * , *


You could see a worm (inner flame), an orc wizard (inner flame), 2 orcs and a
goblin (inner flame).

Vanquished Creatures
  A centaur (D:3)
  4 gnolls (D:2)
  An adder (D:2)
  An ooze (D:1)
  A worm (D:2)
  A dart slug (D:1)
  A leopard gecko (D:2)
  An orc (D:3)
  4 giant cockroaches
  3 goblins
  7 hobgoblins
  2 jackals (D:1)
  11 kobolds
  2 quokkas (D:2)
  3 bats
  2 frilled lizards
  5 rats
50 creatures vanquished.

Vanquished Creatures (others)
  A giant cockroach (D:3)
1 creature vanquished.

Grand Total: 51 creatures vanquished

Notes
Turn   | Place    | Note
-------+----------+-------------------------------------------
     0 | D:1      | Irenicus the Deep Dwarf Earth Elementalist began the quest
                  | for the Orb.
     0 | D:1      | Reached XP level 1. HP: 15/15 MP: 3/3
    51 | D:1      | Reached skill level 2 in Spellcasting
    68 | D:1      | Reached XP level 2. HP: 14/22 MP: 0/5
   233 | D:1      | Reached skill level 5 in Earth Magic
   315 | D:1      | Reached XP level 3. HP: 16/28 MP: 4/6
   424 | D:2      | Learned a level 2 spell: Passwall
   428 | D:2      | Learned a level 3 spell: Stone Arrow
   459 | D:2      | Found a radiant altar of Vehumet.
   546 | D:2      | Reached skill level 6 in Earth Magic
   553 | D:2      | HP: 7/28 [gnoll/club (1)]
   556 | D:2      | Reached XP level 4. HP: 9/36 MP: 1/7
   572 | D:2      | HP: 11/54 [adder (2)]
   606 | D:2      | HP: 6/36 [rat (2)]
   679 | D:2      | Found a stormy altar of Qazlal.
   950 | D:3      | Noticed a centaur
   955 | D:3      | HP: 1/36 [centaur/arrow (10)]
   963 | D:3      | HP: 9/36 [centaur (3)]
   964 | D:3      | Killed a centaur
   964 | D:3      | Reached skill level 7 in Earth Magic
   964 | D:3      | Reached XP level 5. HP: 10/42 MP: 0/7
   972 | D:3      | HP: 9/42 [hobgoblin/club (1)]
   983 | D:3      | HP: 9/42 [hobgoblin (3)]
   983 | D:3      | Killed from afar by a hobgoblin

Skill      XL: |  1  2  3  4 |
---------------+-------------+-----
Spellcasting   | 2 |  2.1
Earth Magic    | 5 6 7 |  7.9
Dodging        | |  2.1
Stealth        | |  2.4
Transmutations | |  0.8

Action                   |  1- 3 |  4- 6 || total
-------------------------+-------+-------++-------
Melee: Mace              |    23 |       ||    23
       Dagger            |    13 |    39 ||    52
Throw: Tomahawk          |       |     3 ||     3
 Cast: Sandblast         |    35 |     6 ||    41
       Stone Arrow       |     1 |     5 ||     6
       Passwall          |       |     1 ||     1
 Abil: Heal Wounds       |       |     1 ||     1
  Use: Potion            |     1 |     4 ||     5
       Scroll            |       |     5 ||     5
 Stab: Sleeping          |     1 |       ||     1
Armor: Robe              |     5 |    11 ||    16
       Leather armour    |       |     3 ||     3
Dodge: Dodged            |    40 |    42 ||    82

Vault maps used:
D:1:      minmay_arrival_hallway, minmay_domino_2
D:2:      vehumet_crystals, first_ration, nicolae_qazlal_general_emergency
D:3:      lemuel_flame_loot_1, uniq_grinder, uniq_jessica, uniq_ijyb

Table legend:
 A = Turns spent in this place as a percentage of turns spent in the entire game.
 B = Non-inter-level travel turns spent in this place as a percentage of non-inter-level travel turns spent in the entire game.
 C = Inter-level travel turns spent in this place as a percentage of turns spent in this place.
 D = Turns resting spent in this place as a percentage of non-inter-level travel turns spent in this place.
 E = Turns spent auto-exploring this place as a percentage of non-inter-level travel turns spent in this place.
 F = Non-inter-level travel turns spent in this place divided by the number of levels of this place that you've seen.
                   A       B       C       D       E      F
               +-------+-------+-------+-------+-------+----------------------
         Total | 100.0 | 100.0 |   0.0 |   0.0 |   0.0 | 327.7
       Dungeon | 100.0 | 100.0 |   0.0 |   0.0 |   0.0 | 327.7
               +-------+-------+-------+-------+-------+----------------------

Table legend:
 A = Kills in this place as a percentage of kills in entire the game.
 B = Kills by you in this place as a percentage of kills by you in the entire game.
 C = Kills by friends in this place as a percentage of kills by friends in the entire game.
 D = Other kills in this place as a percentage of other kills in the entire game.
 E = Experience gained in this place as a percentage of experience gained in the entire game.
 F = Experience gained in this place divided by the number of levels of this place that you have seen.
                   A       B       C       D       E      F
               +-------+-------+-------+-------+-------+----------------------
         Total | 100.0 | 100.0 |   N/A |   N/A | 100.0 |  88.7
       Dungeon | 100.0 | 100.0 |   N/A |   N/A | 100.0 |  88.7
               +-------+-------+-------+-------+-------+----------------------
